 Dungeon Crawl Stone Soup version 0.31-a0-187-gba352fbbf7 (webtiles) character file.

Game seed: 17935705448348581386

102 qw the Shooter (level 4, -4/25 HPs)
             Began as a Deep Elf Hunter on June 22, 2023.
             Killed from afar by Natasha (8 damage)
             ... with a magic dart
             ... on level 2 of the Dungeon.
             The game lasted 00:00:29 (848 turns).

qw the Shooter (Deep Elf Hunter)                     Turns: 848, Time: 00:00:30

Health: -4/25      AC:  5    Str: 16    XL:     4   Next: 49%
Magic:  6/6        EV: 11    Int: 14    God:
Gold:   39         SH:  0    Dex: 18    Spells: 3/3 levels left

rFire   . . .        Y - +0 shortbow
rCold   . . .        (shield currently unavailable)
rNeg    . . .        e - +0 ring mail
rPois   .            (no helmet)
rElec   .            (no cloak)
rCorr   .            (no gloves)
SInv    .            (no boots)
Will    .....        (no amulet)
Stlth   +            a - +6 ring of strength
HPRegen 0.24/turn    (no ring)
MPRegen 0.10/turn

%: no passive effects
@: slowed, very slow
A: no striking features
a: no special abilities


You were on level 2 of the Dungeon.
You visited 1 branch of the dungeon, and saw 2 of its levels.

You collected 109 gold pieces.
You spent 70 gold pieces at shops.


   Skills:
 - Level 1.5 Fighting
 + Level 7.9 Ranged Weapons
 - Level 2.4 Dodging
 - Level 1.2 Stealth


You had 3 spell levels left.
You didn't know any spells.
Your spell library was empty.

Inventory:

Hand Weapons
 Y - a +0 shortbow (weapon)
Armour
 e - a +0 ring mail (worn)
Jewellery
 a - a +6 ring of strength (left hand)
 b - an amulet of the acrobat
Scrolls
 c - 2 scrolls of identify
Potions
 d - a potion of magic {unknown}
 f - a potion of curing

Dungeon Overview and Level Annotations

Branches:
Dungeon (2/15)

Altars:

Shops:
D:2 *

Annotations:
D:2 Natasha


Message History

Natasha barely misses you. Natasha claws you.
You shoot an arrow. The arrow closely misses Natasha.
Natasha wildly gestures.
You feel disoriented. Natasha casts a spell at you. The magic dart hits you.
You shoot an arrow. The arrow closely misses Natasha.
Natasha claws you.
You shoot an arrow. The arrow hits Natasha.
Natasha is almost dead.
Natasha drinks a potion.
Natasha is healed!
You shoot an arrow. The arrow hits Natasha.
Natasha is moderately wounded.
Natasha mumbles some strange words.
Natasha shimmers violently.
Natasha closely misses you.
You shoot an arrow. The arrow misses Natasha.
Natasha claws you.
You shoot an arrow. The arrow hits Natasha.
Natasha is moderately wounded.
Natasha closely misses you.
You shoot an arrow. The arrow misses Natasha.
Natasha barely misses you.
You shoot an arrow. The arrow barely misses Natasha.
Natasha growls.
Natasha closely misses you.
Natasha stares at you and mumbles some strange words.
The magic dart hits you.
You shoot an arrow. The arrow closely misses Natasha.
Natasha casts a spell at you.
You feel yourself slow down.
You shoot an arrow. The arrow hits Natasha.
Natasha is heavily wounded.
Natasha casts a spell at you. You resist with some effort.
You shoot an arrow. The arrow hits Natasha.
Natasha is severely wounded.
Natasha casts a spell at you. The magic dart hits you!
You die...

...# #.# ## ##.# #.#
#...# #.# ###.# #...#
#.# #.#.### #...# #.#
#.#...###...### #.#
#>............
#.#####.#.....#...#####
#.......#...#.#...'...#
#######.#####..@..#
##.#######.h..#
#......# ###.....#
#......# .#.)##
#......#####'#..#
###+###......... #
................
................
.......%........


You could see Natasha.

Vanquished Creatures
  Natasha (twice) (D:2)
  An adder (D:2)
  2 worms (D:1)
  2 dart slugs
  3 ball pythons
  4 bats
  2 endoplasms (D:1)
  2 giant cockroaches (D:1)
  3 hobgoblins (D:1)
  A quokka (D:1)
  2 frilled lizards (D:1)
  4 goblins
  5 kobolds
  2 rats
35 creatures vanquished.

Notes
Turn   | Place    | Note
-------+----------+-------------------------------------------
     0 | D:1      | qw the Deep Elf Hunter began the quest for the Orb.
     0 | D:1      | Reached XP level 1. HP: 12/12 MP: 3/3
     0 | D:1      | 0 ||| qw: Version: 0.3-a-9-g12657ce
     0 | D:1      | 0 ||| qw: Game counter: 2401
     0 | D:1      | 0 ||| qw: Always use a shield: true
     0 | D:1      | 0 ||| qw: God list: Okawaru
     0 | D:1      | 0 ||| qw: Allow faded altars: false
     0 | D:1      | 0 ||| qw: Do Orc after D:15 true
     0 | D:1      | 0 ||| qw: Do second Lair branch before Depths: true
     0 | D:1      | 0 ||| qw: Lair rune preference: random
     0 | D:1      | 0 ||| qw: Plans: Normal
     0 | D:1      | 0 ||| PLANNING D:1-11
    71 | D:1      | You fall into a shaft and drop 1 floor!
    77 | D:2      | Reached skill level 6 in Ranged Weapons
    77 | D:2      | Reached XP level 2. HP: 16/16 MP: 4/4
   125 | D:2      | 125 ||| DROPPING scroll of butterflies.
   307 | D:1      | Reached XP level 3. HP: 19/20 MP: 5/5
   344 | D:1      | 344 ||| FLEEEEING.
   429 | D:1      | Reached skill level 7 in Ranged Weapons
   600 | D:1      | 600 ||| UPGRADING to +0 scale mail.
   610 | D:1      | 610 ||| DROPPING +0 leather armour.
   611 | D:1      | 611 ||| UPGRADING to +0 ring mail.
   621 | D:1      | 621 ||| DROPPING +0 scale mail.
   622 | D:1      | 622 ||| READING scroll labelled PIUPLILYTI NYVU.
   622 | D:1      | Identified a scroll of acquirement
   622 | D:1      | 622 ||| ACQUIRING +6 ring of strength
   622 | D:1      | Acquired a +6 ring of strength
   624 | D:1      | 624 ||| UPGRADING to +6 ring of strength.
   663 | D:2      | Noticed Natasha
   666 | D:2      | Killed Natasha
   667 | D:2      | Reached XP level 4. HP: 25/25 MP: 6/6
   669 | D:2      | Found Xaetad's General Store.
   672 | D:2      | 672 ||| SHOPLISTING +6 ring of strength (504 gold, have
                  | 109).
   672 | D:2      | 672 ||| BUYING potion of curing (42 gold).
   672 | D:2      | Bought a potion of curing for 42 gold pieces
   672 | D:2      | 672 ||| SHOPLISTING potion of enlightenment (70 gold, have
                  | 67).
   672 | D:2      | 672 ||| SHOPLISTING ring of see invisible (210 gold, have
                  | 67).
   672 | D:2      | 672 ||| BUYING scroll of identify (28 gold).
   672 | D:2      | Bought a scroll of identify for 28 gold pieces
   696 | D:2      | Noticed Natasha
   701 | D:2      | Killed Natasha
   835 | D:2      | Noticed Natasha
   845 | D:2      | HP: 3/25 [Natasha/magic dart (5)]
   848 | D:2      | Killed from afar by Natasha

Levels and vault maps discovered:
D:1:      dpeg_arrival_arbitrary_b, layout_rooms, nicolae_wormholes
D:2:      layout_basic, serial_shops, nicolae_shop_trees, minmay_unequal,
          uniq_natasha

Skill      XL: |  1  2  3 |
---------------+----------+-----
Ranged Weapons | 6 7 |  7.9
Fighting       | |  1.5
Dodging        | |  2.4
Stealth        | |  1.2

Action                     |  1- 3 |  4- 6 || total
---------------------------+-------+-------++-------
   Fire: Shortbow          |    84 |    38 ||   122
    Use: Scroll            |     1 |       ||     1
 Armour: Leather armour    |     4 |       ||     4
         Ring mail         |       |    10 ||    10
  Dodge: Dodged            |    23 |    27 ||    50

Table legend:
 A = Non-vault XP
 B = Vault XP
 C = Vault XP percentage of total XP
 D = Non-vault monster count
 E = Vault monster count
 F = Vault count percentage of total count
                 A         B        C        D         E       F
            +---------+---------+-------+---------+---------+-------
      Total |     101 |      45 |  30.8 |      32 |       3 |   8.6
            +---------+---------+-------+---------+---------+-------
        D:1 |      38 |      10 |  20.8 |      22 |       2 |   8.3
        D:2 |      63 |      35 |  35.7 |      10 |       1 |   9.1
            +---------+---------+-------+---------+---------+-------
